 Dungeon Crawl Stone Soup version 0.30-a0-140-gd1020e658a (webtiles) character file.

Game seed: 3332165970125778908

5699 HoaS the Markskobold (level 11, -12/106 HPs)
             Began as a Kobold Hunter on Sept 24, 2022.
             Was a Believer of Makhleb.
             Mangled by Urug
             ... wielding a +4 double sword
              (17 damage)
             ... on level 10 of the Dungeon.
             The game lasted 00:25:29 (8135 turns).

HoaS the Markskobold (Kobold Hunter)                Turns: 8135, Time: 00:25:30

Health: -12/106    AC: 25    Str:  8    XL:     11   Next: 4%
Magic:  11/11      EV:  3    Int: 10    God:    Makhleb [**....]
Gold:   530        SH:  0    Dex: 24    Spells: 10/10 levels left

rFire   . . .      SeeInvis .    (weapon restricted)
rCold   . . .      Faith    .    (no shield)
rNeg    . . .      Spirit   .    (body armour currently unavailable)
rPois   +          Reflect  .    (helmet currently unavailable)
rElec   .          Harm     .    (cloak currently unavailable)
rCorr   .          Rampage  .    (gloves currently unavailable)
Will    .....      NoTele   +    (boots currently unavailable)
Stlth   +++.......               d - amulet of regeneration
HPRegen 1.07/turn                (no ring)
MPRegen 0.12/turn                (no ring)

@: mighty, tree-form
A: stationary, stasis, torment immunity, boosted hp, small, no large weapons,
nightstalker 3
a: Renounce Religion, Minor Destruction


You were on level 10 of the Dungeon.
You worshipped Makhleb.
Makhleb was pleased with you.
You were a tree.
You visited 2 branches of the dungeon, and saw 13 of its levels.
You also visited: Sewer.

You collected 530 gold pieces.

Inventory:

Hand Weapons
 a - a +1 shortbow of flaming
Missiles
 o - 6 throwing nets
Armour
 c - a scarf of invisibility (melded)
 m - a +1 pair of boots (melded)
 A - +0 steam dragon scales (melded)
Jewellery
 d - an amulet of regeneration (around neck)
Wands
 i - a wand of paralysis (3)
 s - a wand of acid (7)
 v - a wand of flame (41)
 x - a wand of mindburst (10)
 z - a wand of iceblast (7)
Scrolls
 b - 2 scrolls of immolation
 l - 2 scrolls of fear
 n - 4 scrolls of teleportation
 t - a scroll of summoning
 w - a scroll of butterflies
Potions
 e - 4 potions of curing
 f - a potion of flight {unknown}
 g - a potion of cancellation {unknown}
 h - 2 potions of lignification
 k - 2 potions of might
 p - a potion of ambrosia {unknown}
 q - 3 potions of mutation
 r - 2 potions of attraction {unknown}
 u - a potion of haste {unknown}


   Skills:
 * Level 9.6 Fighting
 - Level 16.0 Ranged Weapons
 + Level 7.5 Dodging
 - Level 1.3 Stealth


You had 10 spell levels left.
You didn't know any spells.
Your spell library contained the following spells:

 Spells                   Type           Power      Damage    Failure   Level
 Freeze                   Ice            0%         1d3       36%         1
 Shock                    Conj/Air       0%         1d3       36%         1
 Sublimation of Blood     Necr           0%         N/A       50%         2
 Dazzling Flash           Conj/Hex       0%         N/A       75%         3
 Frozen Ramparts          Ice            0%         1d1       75%         3
 Stone Arrow              Conj/Erth      0%         3d7       75%         3
 Swiftness                Air            0%         N/A       75%         3
 Airstrike                Air            0%         2d(0-16)  98%         4
 Animate Armour           Summ/Erth      0%         N/A       98%         4
 Hailstorm                Conj/Ice       0%         3d3       98%         4
 Ice Form                 Ice/Tmut       0%         N/A       98%         4
 Iskenderun's Mystic Bla  Conj/Tloc      0%         2d3       98%         4
 Leda's Liquefaction      Hex/Erth       0%         N/A       98%         4
 Petrify                  Tmut/Erth      0%         N/A       98%         4
 Irradiate                Conj/Tmut      0%         3d11      100%        5
 Lee's Rapid Deconstruct  Erth           0%         3d5*      100%        5
 Simulacrum               Ice/Necr       0%         N/A       100%        6
 Starburst                Conj/Fire      0%         6d3       100%        6
 Statue Form              Tmut/Erth      0%         N/A       100%        6
 Lehudib's Crystal Spear  Conj/Erth      0%         10d2      100%        8


Dungeon Overview and Level Annotations

Branches:
Dungeon (12/15)            Temple (1/1) D:5           Sewer (visited)
   Lair: D:8-11         Orc: D:9-12

Altars:
Ashenzari
Dithmenos
Elyvilon
Fedhas
Gozag
Hepliaklqana
Makhleb
Nemelex Xobeh
Okawaru
Qazlal
Ru
Sif Muna
Trog
Uskayaw
Wu Jian
Xom
Yredelemnul
Zin
The Shining One

Annotations:
D:7 2 transporters, HoaS's ghost, novice TeHu
D:10 Urug


Innate Abilities, Weirdness & Mutations

You are a tree.
Your roots penetrate the ground, keeping you stationary.
You cannot be teleported.
You are immune to unholy pain and torment.
Your maximum health is greatly increased.
Your equipment is partially melded.
You are small and have problems with some larger weapons.
You are completely attuned to the shadows.


Message History

Makhleb accepts your kill.
You feel better.
You shoot an arrow. The arrow hits Urug.
The arrow burns Urug.
Urug is heavily wounded.
Urug hits you with a +4 double sword!
You shoot an arrow. The arrow closely misses Urug.
Urug hits you with a +4 double sword!!
You are too injured to fight recklessly!
You are too injured to fight recklessly!
You are too injured to fight recklessly!
You are too injured to fight recklessly!
You are too injured to fight recklessly!
You feel much better. Urug hits you with a +4 double sword!
You feel much better. Urug completely misses you.
You shoot an arrow. The arrow hits Urug.
The arrow burns Urug.
Urug is heavily wounded.
You shoot an arrow. The arrow hits Urug.
The arrow burns Urug.
Urug is heavily wounded.
Urug hits you with a +4 double sword.
You shoot an arrow. The arrow barely misses Urug.
Urug hits you with a +4 double sword!!
* * * LOW HITPOINT WARNING * * *
You are too injured to fight recklessly!
You are too injured to fight recklessly!
You are too injured to fight recklessly!
You are too injured to fight recklessly!
You are too injured to fight recklessly!
Really quaff the potion of lignification?
You turn into a tree.
Your scarf of invisibility melds into your body.
Your +1 pair of boots melds into your body.
Your +0 steam dragon scales melds into your body.
Your roots penetrate the ground.
Urug hits you with a +4 double sword!!
* * * LOW HITPOINT WARNING * * *
Your +1 shortbow of flaming stops flaming.
You are now empty-handed.
You smack Urug!
Urug is severely wounded.
Urug hits you with a +4 double sword!
You die...

####### ......#
......###
........#############
......#.♣o...........
####.###########†###
#####..# #..o...#
##.....## P..P.P...
#..##### ..P.P.P..
#.## .P.P..PP.
##'###### #.......#
#.......#


You could see Urug.

Vanquished Creatures
  A two-headed ogre (D:8)
  A cyclops (D:11)
  Maurice (D:8)
  A troll (D:11)
  Grinder (D:3)
  A hornet (D:8)
  Sigmund (D:3)
  A shadow (D:8)
  6 yaks
  A steam dragon (D:8)
  Pargi (Sewer)
  A water moccasin (D:6)
  A sky beast (D:8)
  A black bear (D:10)
  An orc warrior (D:8)
  A centaur (D:6)
  A phantom (D:4)
  4 lemures (D:7)
  A kobold brigand (D:7)
  6 bullfrogs
  A necrophage (D:5)
  2 scorpions
  A gnoll sergeant (D:6)
  A killer bee (D:8)
  An electric eel (D:8)
  3 howler monkeys (D:10)
  A lava snake (D:8)
  4 hounds
  3 jellies
  7 orc priests
  An iguana (D:4)
  5 orc wizards
  13 gnolls
  8 adders
  4 river rats (D:6)
  4 shadow imps
  2 white imps
  An ufetubus (D:7)
  2 dart slugs
  26 orcs
  A bat (D:2)
  9 endoplasms
  4 giant cockroaches
  14 goblins
  6 hobgoblins
  4 jackals
  5 quokkas
  6 ball pythons
  5 frilled lizards
  7 kobolds
  9 rats
193 creatures vanquished.

Vanquished Creatures (others)
  2 fungi (D:10)
  3 plants (D:10)
5 creatures vanquished.

Grand Total: 198 creatures vanquished

Notes
Turn   | Place    | Note
-------+----------+-------------------------------------------
     0 | D:1      | HoaS the Kobold Hunter began the quest for the Orb.
     0 | D:1      | Reached XP level 1. HP: 12/12 MP: 1/1
    35 | D:1      | Reached skill level 6 in Ranged Weapons
    35 | D:1      | Reached XP level 2. HP: 14/17 MP: 2/2
   147 | D:1      | Reached XP level 3. HP: 21/21 MP: 3/3
   364 | D:1      | Found a faded altar of an unknown god.
   710 | D:2      | Reached skill level 7 in Ranged Weapons
   723 | D:1      | Reached XP level 4. HP: 4/26 MP: 4/4
  1608 | D:3      | Reached XP level 5. HP: 29/30 MP: 5/5
  1622 | D:3      | Reached skill level 8 in Ranged Weapons
  2016 | D:3      | Reached XP level 6. HP: 35/35 MP: 6/6
  2023 | D:3      | Reached skill level 9 in Ranged Weapons
  2169 | D:3      | Noticed Grinder
  2201 | D:3      | Noticed Sigmund
  2595 | D:4      | Reached skill level 10 in Ranged Weapons
  2700 | D:4      | Reached XP level 7. HP: 37/40 MP: 7/7
  3049 | D:4      | Reached skill level 11 in Ranged Weapons
  3290 | D:5      | Entered Level 5 of the Dungeon
  3363 | D:5      | Found a staircase to the Ecumenical Temple.
  3374 | Temple   | Entered the Ecumenical Temple
  3670 | Temple   | Became a worshipper of Makhleb the Destroyer
  4389 | D:5      | Reached XP level 8. HP: 43/44 MP: 8/8
  4788 | D:3      | Killed Sigmund
  4789 | D:3      | Reached skill level 12 in Ranged Weapons
  4861 | D:3      | Paralysed by Grinder for 5 turns
  4869 | D:3      | Killed Grinder
  4870 | D:3      | Reached skill level 13 in Ranged Weapons
  5216 | D:6      | Found a glowing drain.
  5222 | Sewer    | Entered a sewer
  5279 | Sewer    | Noticed Pargi
  5283 | Sewer    | Killed Pargi
  5283 | Sewer    | Reached * piety under Makhleb
  5396 | D:6      | Reached skill level 14 in Ranged Weapons
  5427 | D:6      | Reached XP level 9. HP: 44/48 MP: 9/9
  5779 | D:6      | Reached skill level 15 in Ranged Weapons
  6120 | D:7      | Found a transporter.
  6122 | D:7      | Noticed HoaS's ghost (novice TeHu)
  6168 | D:7      | Reached ** piety under Makhleb
  6616 | D:7      | Found a transporter.
  6746 | D:8      | Noticed a two-headed ogre
  6811 | D:8      | Reached skill level 16 in Ranged Weapons
  6818 | D:8      | Noticed Maurice
  6829 | D:8      | Killed Maurice
  6948 | D:8      | Reached skill level 5 in Fighting
  6948 | D:8      | Reached XP level 10. HP: 59/59 MP: 10/10
  6968 | D:8      | Reached skill level 5 in Dodging
  7105 | D:8      | Paralysed by a hornet for 1 turns
  7549 | D:8      | Killed a two-headed ogre
  7949 | D:9      | You fall into a shaft and drop 3 floors!
  7975 | D:11     | Noticed a cyclops
  7982 | D:11     | Killed a cyclops
  8042 | D:10     | Entered Level 10 of the Dungeon
  8100 | D:10     | Reached XP level 11. HP: 71/71 MP: 11/11
  8109 | D:10     | Noticed Urug
  8133 | D:10     | HP: 3/106 [Urug/+4 double sword (23)]
  8135 | D:10     | Mangled by Urug

Illustrated notes

Levels and vault maps discovered:
D:1:      eino_arrival_tree_alley, layout_rooms, basic_ecumenical_altar,
          minmay_statues_item
D:2:      layout_loops_ring, kennysheep_nondescript, glass_columns_a
D:3:      layout_loops_ring, uniq_grinder, uniq_sigmund
D:4:      layout_loops_ring
D:5:      layout_basic, minmay_temple_entry_proselytizer
D:6:      layout_loops_cross, portal_sewer_entry_b
D:7:      layout_loops_ring, gammafunk_ghost_stat_death, uniq_pikel
D:8:      layout_rooms, nicolae_lava_and_water, uniq_maurice
D:9:      layout_rooms, mainiacjoe_overflow_paths, old_standard_altar,
          kennysheep_vampire_church
D:10:     layout_roguey, grunt_lair_entry_orc_guard_hut, enter_bailey_7,
          serial_ice, serial_ice_f, serial_ice_c, serial_ice_m, serial_ice_h,
          uniq_urug
D:11:     layout_stronghold, minmay_orc_entry_temple_small,
          gammafunk_ghost_wrathful_warriors
D:12:     layout_roguey
Temple:   compressed_dpeg_triangle_lava_temple

Skill      XL: |  1  2  3  4  5  6  7  8  9 10 |
---------------+-------------------------------+-----
Ranged Weapons | 6 7 8 10 11 14 16 | 16.0
Fighting       | 5 9 |  9.6
Dodging        | 4 7 |  7.5
Stealth        | |  1.3

Action                   |  1- 3 |  4- 6 |  7- 9 | 10-12 || total
-------------------------+-------+-------+-------+-------++-------
Melee: Unarmed           |     2 |       |       |    11 ||    13
       Punch             |       |       |       |     1 ||     1
 Fire: Shortbow          |    66 |   124 |   290 |   130 ||   610
Throw: Throwing net      |       |       |     2 |     3 ||     5
Evoke: Wand              |       |       |     2 |     1 ||     3
  Use: Potion            |     1 |       |       |     6 ||     7
       Scroll            |       |     9 |    11 |     5 ||    25
Armor: Leather armour    |     5 |     7 |    19 |       ||    31
       Skin              |     2 |       |       |    17 ||    19
       Steam dragon scal |       |       |       |     8 ||     8
Dodge: Dodged            |    20 |    26 |    64 |    50 ||   160

Table legend: (Time is in decaauts)
 A = Elapsed time spent in this place.
 B = Non-inter-level travel time spent in this place.
 C = Inter-level travel time spent in this place.
 D = Time resting spent in this place.
 E = Time spent auto-exploring this place.
 F = Levels seen in this place.
 G = Mean time per level.
                   A        B        C        D        E       F      G
               +--------+--------+--------+--------+--------+-----+--------+
         Total |   8108 |   7558 |    550 |    820 |   5332 |  14 |  579.1 |
       Dungeon |   7687 |   7137 |    550 |    820 |   4989 |  12 |  640.6 |
        Temple |    302 |    302 |      0 |      0 |    260 |   1 |  302.0 |
         Sewer |    117 |    117 |      0 |      0 |     83 |   1 |  117.0 |
               +--------+--------+--------+--------+--------+-----+--------+

Top non-repeatable levels by time:
     D:3: 1353 daAuts
     D:8: 1065 daAuts
     D:7: 934 daAuts
     D:1: 881 daAuts
     D:4: 854 daAuts
     D:6: 841 daAuts
     D:5: 823 daAuts
     D:2: 736 daAuts
  Temple: 302 daAuts
   Sewer: 117 daAuts
    D:11: 86 daAuts
    D:10: 84 daAuts
     D:9: 23 daAuts
    D:12: 3 daAuts
